 Dungeon Crawl Stone Soup version 0.31.0-11-ge490571c62 (webtiles) character file.

Game seed: 16825056032119394204

3096 Arctor the Thaumaturge (level 9, -8/45 HPs)
             Began as a Deep Elf Fire Elementalist on Feb 2, 2024.
             Shot with a sling bullet by Joseph (12 damage)
             ... on level 7 of the Dungeon.
             The game lasted 00:11:59 (8316 turns).

Arctor the Thaumaturge (Deep Elf Fire Elementalist) Turns: 8316, Time: 00:12:00

Health: -8/45      AC:  7    Str:  5    XL:     9   Next: 59%
Magic:  6/23       EV: 15    Int: 28    God:
Gold:   490        SH:  5    Dex: 15    Spells: 18/24 levels left

rFire   . . .        u - +12 whip of Cysem {heavy, rElec rN+ Will- Int+3}
rCold   . . .        G - orb {*channel}
rNeg    + . .        a - +0 robe
rPois   .            (no helmet)
rElec   +            (no cloak)
rCorr   .            (no gloves)
SInv    .            n - +0 pair of boots
Will    .....        c - amulet of reflection
Stlth   ++++         A - +4 ring of protection
HPRegen 0.27/turn    r - ring of willpower
MPRegen 0.18/turn

%: reflection, channel magic (20%)
@: very slightly contaminated
A: no striking features
a: no special abilities


You were on level 7 of the Dungeon.
You visited 1 branch of the dungeon, and saw 7 of its levels.

You collected 490 gold pieces.

Inventory:

Hand Weapons
 u - the +12 whip of Cysem (weapon) {heavy, rElec rN+ Will- Int+3}
   (You found it on level 4 of the Dungeon)

   Int+3:     It affects your intelligence (+3).
   rElec:     It insulates you from electricity.
   rN+:       It protects you from negative energy.
   Will-:     It decreases your willpower.
Missiles
 E - a throwing net
 F - 6 poisoned darts
Armour
 a - a +0 robe (worn)
 n - a +0 pair of boots (worn)
 G - an orb of energy (worn)
Jewellery
 c - an amulet of reflection (around neck)
 k - a ring of see invisible
 q - a ring of resist corrosion
 r - a ring of willpower (right hand)
 v - a +6 ring of dexterity
 A - a +4 ring of protection (left hand)
Wands
 s - a wand of flame (8)
 x - a wand of polymorph (7)
 H - a wand of light (7)
Scrolls
 e - a scroll of brand weapon
 f - 4 scrolls of poison
 g - a scroll of vulnerability
 i - a scroll of enchant weapon
 m - a scroll of amnesia {unknown}
 t - 2 scrolls of teleportation
 w - 3 scrolls of identify
 y - a scroll of fear {unknown}
 z - a scroll of torment {unknown}
 C - 2 scrolls of noise {unknown}
Potions
 b - 2 potions of magic
 d - a potion of mutation {unknown}
 h - 2 potions of might {unknown}
 j - 3 potions of lignification {unknown}
 l - a potion of enlightenment {unknown}
 o - 2 potions of brilliance {unknown}
 p - 3 potions of haste {unknown}
 D - a potion of berserk rage {unknown}


   Skills:
 + Level 0.3 Fighting
 + Level 3.2 Maces & Flails
 + Level 7.1 Dodging
 + Level 7.8 Stealth
 + Level 8.0 Spellcasting
 + Level 6.1 Conjurations
 + Level 6.9 Fire Magic


You had 18 spell levels left.
You knew the following spells:

 Your Spells              Type           Power      Damage    Failure   Level
a - Foxfire               Conj/Fire      100%       2x1d9     3%          1
b - Scorch                Fire           100%       2d9       3%          2
c - Volatile Blastmotes   Fire/Tloc      60%        2d15      12%         3

Your spell library contained the following spells:

 Spells                   Type           Power      Damage    Failure   Level
 Flame Wave               Conj/Fire      47%        2d12      11%         4
 Inner Flame              Hex/Fire       30%        N/A       12%         3
 Stone Arrow              Conj/Erth      56%        3d10      13%         3
 Lesser Beckoning         Tloc           22%        N/A       21%         2
 Fugue of the Fallen      Necr           11%        N/A       32%         3
 Gell's Gravitas          Tloc           11%        N/A       32%         3
 Ozocubu's Armour         Ice            11%        N/A       32%         3
 Teleport Other           Tloc           11%        N/A       32%         3
 Animate Armour           Summ/Erth      22%        N/A       65%         4
 Manifold Assault         Tloc           11%        N/A       65%         4
 Lehudib's Crystal Spear  Conj/Erth      14%        10d5      100%        8


Dungeon Overview and Level Annotations

Branches:
Dungeon (7/15)             Temple (0/1) D:7

Altars:
Uskayaw

Annotations:
D:7 2 transporters, Joseph; zenocrate's ghost, novice HODe


Message History

You miscast Scorch.
You are very lightly contaminated with residual magic.
Nothing appears to happen.
Magical energy flows into your mind!
Joseph shoots a sling bullet.
The sling bullet closely misses you.
Casting: Scorch (safe; 3% risk of failure)
Confirm with . or Enter, or press ? or * to list all spells.
Flames lash the orc wizard.
The orc wizard is lightly wounded.
The orc wizard's fire resistance burns away.
The orc wizard casts a spell at you.
You easily resist.
An orc comes into view. It is wielding a +0 whip.
Joseph shoots a sling bullet.
The sling bullet barely misses you.
The orc shouts!
Casting: Scorch (safe; 3% risk of failure)
Confirm with . or Enter, or press ? or * to list all spells.
Flames lash the orc wizard.
The orc wizard is burned terribly!
You kill the orc wizard!
Joseph shoots a sling bullet.
The sling bullet hits you!
* * * LOW HITPOINT WARNING * * *
Unknown command.
Okay, then.
As you read the scroll of fog, it dissolves into smoke.
An orc comes into view. It is wielding a +1 dagger of venom.
Joseph shoots a sling bullet.
The sling bullet completely misses you.
Casting: Scorch (safe; 3% risk of failure)
Confirm with . or Enter, or press ? or * to list all spells.
Flames lash the orc.
You kill the orc!
Joseph shoots a sling bullet.
The sling bullet misses you.
Casting: Scorch (safe; 3% risk of failure)
Confirm with . or Enter, or press ? or * to list all spells.
Flames lash Joseph.
Joseph is burned terribly!
Joseph is severely wounded.
Casting: Scorch (safe; 3% risk of failure)
Confirm with . or Enter, or press ? or * to list all spells.
Flames lash Joseph.
Joseph is burned terribly!
Joseph is almost dead.
Joseph shoots a sling bullet.
The sling bullet hits you!
You die...

#........#.............
#........#..............
#........#..............
#...######...........o..
#...##...####+#.........
##'###........#....$....
#...#.........#§§§o.....
#...'.........#§§§@.....
###.##.##.#..##§@§§.....
..###########..§§§###+#.
..# #..§§§# ..# #.....#
..# #.....# ..# #.....#
..# #.#+### ..# #.. ..#
#..


You could see Joseph (combustible) and an orc.

Vanquished Creatures
  Pikel (D:7)
  Grinder (D:3)
  4 yaks (D:7)
  A steam dragon (D:4)
  3 centaurs
  A lemure (D:7)
  A kobold brigand (D:6)
  A bullfrog (D:7)
  A gnoll sergeant (D:5)
  3 scorpions
  4 wights (D:6)
  2 howler monkeys
  3 bombardier beetles
  A jelly (D:6)
  A gnoll bouda (D:4)
  5 hounds
  A sleepcap (D:4)
  Jessica (D:3)
  Natasha (thrice) (D:3)
  2 iguanas
  An orc wizard (D:7)
  18 gnolls
  5 adders
  A shadow imp (D:6)
  A white imp (D:5)
  2 ufetubi (D:4)
  A dart slug (D:3)
  3 ribbon worms
  11 orcs
  11 ball pythons
  5 bats
  8 endoplasms
  4 giant cockroaches
  6 goblins
  10 hobgoblins
  4 jackals
  2 quokkas (D:1)
  4 frilled lizards
  10 kobolds
  4 rats
151 creatures vanquished.

Vanquished Creatures (others)
  890 foxfires
890 creatures vanquished.

Grand Total: 1041 creatures vanquished

Notes
Turn   | Place    | Note
-------+----------+-------------------------------------------
     0 | D:1      | Arctor the Deep Elf Fire Elementalist began the quest for
                  | the Orb.
     0 | D:1      | Reached XP level 1. HP: 10/10 MP: 6/6
   388 | D:1      | Reached XP level 2. HP: 15/15 MP: 2/8
  1407 | D:2      | Learned a level 2 spell: Scorch
  1609 | D:2      | Reached XP level 3. HP: 19/19 MP: 3/9
  2807 | D:3      | Noticed Grinder
  2812 | D:3      | Noticed Jessica
  2814 | D:3      | Killed Grinder
  2815 | D:3      | Reached skill level 4 in Spellcasting
  2815 | D:3      | Reached XP level 4. HP: 24/24 MP: 3/12
  2815 | D:3      | Reached XP level 5. HP: 28/28 MP: 3/13
  2816 | D:3      | Killed Jessica
  2817 | D:3      | Reached XP level 6. HP: 32/32 MP: 2/14
  3254 | D:3      | Noticed Natasha
  3268 | D:3      | Killed Natasha
  3441 | D:3      | Noticed Natasha
  3456 | D:3      | Killed Natasha
  3623 | D:3      | Noticed Natasha
  3632 | D:3      | Killed Natasha
  3972 | D:4      | Reached skill level 5 in Spellcasting
  4224 | D:4      | Noticed a steam dragon
  4231 | D:4      | Killed a steam dragon
  4232 | D:4      | Reached skill level 5 in Stealth
  4232 | D:4      | Reached XP level 7. HP: 36/36 MP: 9/16
  4280 | D:4      | Identified the +12 whip of Cysem {heavy, rElec rN+ Will-
                  | Int+3}
  4380 | D:4      | Reached skill level 5 in Fire Magic
  4993 | D:4      | Reached skill level 5 in Dodging
  4996 | D:4      | Reached skill level 1 in Maces & Flails
  5470 | D:5      | Entered Level 5 of the Dungeon
  5483 | D:5      | Reached skill level 6 in Spellcasting
  5483 | D:5      | Reached XP level 8. HP: 37/41 MP: 3/19
  6954 | D:6      | Found a hide-covered altar of Uskayaw.
  7052 | D:6      | Reached skill level 5 in Conjurations
  7378 | D:6      | Learned a level 3 spell: Volatile Blastmotes
  7469 | D:7      | Noticed Pikel
  7484 | D:7      | Killed Pikel
  7485 | D:7      | Reached skill level 7 in Spellcasting
  7485 | D:7      | Reached XP level 9. HP: 45/45 MP: 7/21
  7570 | D:7      | Noticed a moth of wrath
  7609 | D:7      | HP: 1/45 [yak (8)]
  7762 | D:7      | Found a transporter.
  7766 | D:7      | Noticed zenocrate's ghost (novice HODe)
  7779 | D:7      | Found a transporter.
  7793 | D:7      | Found a staircase to the Ecumenical Temple.
  8162 | D:7      | Reached skill level 8 in Spellcasting
  8299 | D:7      | Noticed Joseph
  8316 | D:7      | Shot with a sling bullet by Joseph

Illustrated notes

Levels and vault maps discovered:
D:1:      wander_arrival_estate, layout_basic
D:2:      layout_basic
D:3:      minmay_evil_eye, layout_rooms, kennysheep_flooded_box, uniq_natasha,
          uniq_jessica, uniq_grinder
D:4:      layout_gridville, small_statue_intersection, kennysheep_diamond
D:5:      layout_rooms
D:6:      layout_rooms, mainiacjoe_overflow_alcove_1, minmay_misc_feat_tiny
D:7:      layout_gridville, minmay_temple_entry_grid,
          gammafunk_ghost_berserking_beasts, uniq_joseph, uniq_pikel

Skill      XL: |  1  2  3  4  5  6  7  8  9 |
---------------+----------------------------+-----
Stealth        | 3 4 5 7 |  7.8
Dodging        | 3 4 5 6 7 |  7.1
Spellcasting   | 4 5 6 7 8 |  8.0
Conjurations   | 2 3 4 5 6 |  6.1
Fire Magic     | 4 5 6 |  6.9
Maces & Flails | 1 2 3 |  3.2
Fighting       | |  0.3

Action                     |  1- 3 |  4- 6 |  7- 9 || total
---------------------------+-------+-------+-------++-------
  Melee: Unarmed           |     9 |       |       ||     9
         Whip              |       |       |    16 ||    16
   Cast: Foxfire           |   173 |   116 |   239 ||   528
         Scorch            |     1 |     1 |    71 ||    73
    Use: Scroll            |       |       |     7 ||     7
         Potion            |       |       |     3 ||     3
   Stab: Sleeping          |       |       |     1 ||     1
 Armour: Robe              |     6 |    15 |    64 ||    85
  Dodge: Dodged            |    11 |    11 |    71 ||    93
  Block: Other             |       |       |    16 ||    16
